PAA
MARQUETTE MINERS @ MERCER ISLAND SCREAMING EAGLES
07/27/2021
 
TOP OF THE 1ST
Marquette Miners batting - Pitching for Mercer Island Screaming Eagles : RHP Marcos López
Pitching: RHP Marcos López
Batting: RHB Howard Kelly 0-0: Called Strike
0-1: Ball
1-1: Bunt for hit - play at first, batter safe!
Batting: LHB José Ortega 0-0: Called Strike
0-1: Called Strike
0-2: Ball
1-2: Strikes out swinging
Batting: RHB Pedro Pérez 0-0: Ball
1-0: Ball
Howard Kelly steals 2nd base
2-0: Ball
3-0: Called Strike
3-1: Called Strike
3-2: Fly out, F9 (Flyball, 89M)
Batting: RHB Gerald Clark 0-0: SINGLE (Line Drive, 9S)
Howard Kelly to third
Runner from 3rd tries for Home, SAFE, no throw or cutoff
Batting: RHB Francis Kelly 0-0: Ball
1-0: Foul Ball, location: 2F
1-1: Foul Ball, location: 2F
1-2: Strikes out swinging
Top of the 1st over - 1 run(s), 2 hit(s), 0 error(s), 1 left on base; Marquette 1 - Mercer Island 0
BOTTOM OF THE 1ST
Mercer Island Screaming Eagles batting - Pitching for Marquette Miners : RHP Víctor García
Pitching: RHP Víctor García
Batting: LHB Nelson Plasenia 0-0: Ball
1-0: Swinging Strike
1-1: Fly out, F7 (Flyball, 7M)
Batting: SHB José Salazar 0-0: Ball
1-0: Called Strike
1-1: Foul Ball, location: 2F
1-2: Ball
2-2: Fly out, F7 (Flyball, 78M)
Batting: RHB Enrique Echevarría 0-0: Ball
1-0: Ball
2-0: Foul Ball, location: 2F
2-1: Swinging Strike
2-2: Foul Ball, location: 2F
2-2: Ball
3-2: Base on Balls
Batting: RHB Luis Antonio Hernández 0-0: Ball
1-0: Called Strike
1-1: Foul Ball, location: 2F
1-2: Ball
2-2: Fly out, F9 (Flyball, 89S)
Bottom of the 1st over - 0 run(s), 0 hit(s), 0 error(s), 1 left on base; Marquette 1 - Mercer Island 0
TOP OF THE 2ND
Marquette Miners batting - Pitching for Mercer Island Screaming Eagles : RHP Marcos López
Batting: RHB Manuel Herrera 0-0: Ball
1-0: SINGLE (Line Drive, 78S)
Batting: RHB Adrian Hale 0-0: Foul Ball, location: 2F
0-1: Called Strike
0-2: Ball
1-2: Foul Ball, location: 2F
1-2: Ball
2-2: Fly out, F8 (Flyball, 8RM)
Batting: RHB Isaac Downey 0-0: Ball
Manuel Herrera is caught stealing 2nd base
1-0: Foul Ball, location: 2F
1-1: Ball
2-1: Foul Ball, location: 2F
2-2: Fly out, F7 (Line Drive, 7S)
Top of the 2nd over - 0 run(s), 1 hit(s), 0 error(s), 0 left on base; Marquette 1 - Mercer Island 0
BOTTOM OF THE 2ND
Mercer Island Screaming Eagles batting - Pitching for Marquette Miners : RHP Víctor García
Batting: LHB Mike Russell 0-0: Ground out 4-3 (Groundball, 4M)
Batting: RHB Randy Rehling 0-0: SINGLE (Line Drive, 8LS)
Batting: LHB Gregg Young 0-0: Foul Ball, location: 2F
0-1: Ball
1-1: Ball
2-1: Foul Ball, location: 2F
2-2: 2-RUN HOME RUN (Flyball, 78XD), Distance : 415 ft
Batting: SHB León Estrada 0-0: Fly out, F4 (Popup, 4D)
Batting: RHB Luis Jiménez 0-0: Called Strike
0-1: Foul Ball, location: 2F
0-2: Ball
1-2: Foul Ball, location: 2F
1-2: Ball
2-2: Ball
3-2: Base on Balls
Batting: LHB Nelson Plasenia 0-0: Ball
1-0: Called Strike
1-1: Ball
2-1: Foul Ball, location: 2F
2-2: Ball
3-2: Foul Ball, location: 2F
3-2: Foul Ball, location: 2F
3-2: Strikes out looking
Bottom of the 2nd over - 2 run(s), 2 hit(s), 0 error(s), 1 left on base; Marquette 1 - Mercer Island 2
TOP OF THE 3RD
Marquette Miners batting - Pitching for Mercer Island Screaming Eagles : RHP Marcos López
Batting: RHB Wayne Cameron 0-0: Fly out, F7 (Flyball, 7M)
Batting: RHB Howard Kelly 0-0: Ball
1-0: Called Strike
1-1: Foul Ball, location: 2F
1-2: Foul Ball, location: 2F
1-2: Ball
2-2: Foul Ball, location: 2F
2-2: Strikes out swinging
Batting: LHB José Ortega 0-0: Called Strike
0-1: Fly out, F8 (Flyball, 8RM)
Top of the 3rd over - 0 run(s), 0 hit(s), 0 error(s), 0 left on base; Marquette 1 - Mercer Island 2
BOTTOM OF THE 3RD
Mercer Island Screaming Eagles batting - Pitching for Marquette Miners : RHP Víctor García
Batting: SHB José Salazar 0-0: Foul Ball, location: 2F
0-1: Foul Ball, location: 2F
0-2: Ground out 4-3 (Groundball, 4MS)
Batting: RHB Enrique Echevarría 0-0: Called Strike
0-1: Swinging Strike
0-2: Ground out 5-3 (Groundball, 56S)
Batting: RHB Luis Antonio Hernández 0-0: Called Strike
0-1: Called Strike
0-2: Foul Ball, location: 2F
0-2: Foul Ball, location: 2F
0-2: Foul Ball, location: 2F
0-2: Foul Ball, location: 2F
0-2: Strikes out swinging
Bottom of the 3rd over - 0 run(s), 0 hit(s), 0 error(s), 0 left on base; Marquette 1 - Mercer Island 2
TOP OF THE 4TH
Marquette Miners batting - Pitching for Mercer Island Screaming Eagles : RHP Marcos López
Batting: RHB Pedro Pérez 0-0: Called Strike
0-1: Ball
1-1: Ball
2-1: Ball
3-1: Foul Ball, location: 2F
3-2: Foul Ball, location: 2F
3-2: Strikes out swinging
Batting: RHB Gerald Clark 0-0: Fly out, F9 (Flyball, 9M)
Batting: RHB Francis Kelly 0-0: Called Strike
0-1: Reached on error, E6 (Groundball, 6)
Batting: RHB Manuel Herrera 0-0: Ball
1-0: Ball
2-0: Ball
3-0: Called Strike
3-1: Swinging Strike
3-2: Foul Ball, location: 2F
3-2: Foul Ball, location: 2F
3-2: DOUBLE (Line Drive, 9LM)
Francis Kelly scores
Batting: RHB Adrian Hale 0-0: Ball
1-0: Called Strike
1-1: Ground out 6-3 (Groundball, 6M)
Top of the 4th over - 1 run(s), 1 hit(s), 1 error(s), 1 left on base; Marquette 2 - Mercer Island 2
BOTTOM OF THE 4TH
Mercer Island Screaming Eagles batting - Pitching for Marquette Miners : RHP Víctor García
Batting: LHB Mike Russell 0-0: Ball
1-0: Called Strike
1-1: Ball
2-1: Foul Ball, location: 2F
2-2: Ball
3-2: Base on Balls
Batting: RHB Randy Rehling 0-0: Ball
1-0: Called Strike
1-1: Ball
2-1: Foul Ball, location: 2F
2-2: Fly out, F9 (Line Drive, 9D)
Batting: LHB Gregg Young 0-0: Swinging Strike
0-1: Ball
1-1: Foul Ball, location: 2F
1-2: Fly out, F8 (Flyball, 8LM)
Batting: SHB León Estrada 0-0: Called Strike
0-1: Fly out, F9 (Flyball, 89M)
Bottom of the 4th over - 0 run(s), 0 hit(s), 0 error(s), 1 left on base; Marquette 2 - Mercer Island 2
TOP OF THE 5TH
Marquette Miners batting - Pitching for Mercer Island Screaming Eagles : RHP Marcos López
Batting: RHB Isaac Downey 0-0: Ball
1-0: Ball
2-0: Ball
3-0: Base on Balls
Batting: RHB Wayne Cameron 0-0: Called Strike
0-1: Foul Ball, location: 2F
0-2: Strikes out swinging
Batting: RHB Howard Kelly 0-0: Ball
1-0: Called Strike
1-1: Grounds into double play, 6-4-3 (Groundball, 6)
Top of the 5th over - 0 run(s), 0 hit(s), 0 error(s), 0 left on base; Marquette 2 - Mercer Island 2
BOTTOM OF THE 5TH
Mercer Island Screaming Eagles batting - Pitching for Marquette Miners : RHP Víctor García
Batting: RHB Luis Jiménez 0-0: Called Strike
0-1: Ball
1-1: Ground out 2-3 (Groundball, 2R)
Batting: LHB Nelson Plasenia 0-0: Foul Ball, location: 2F
0-1: Ground out U3 (Groundball, 3L)
Batting: SHB José Salazar 0-0: Ball
1-0: Swinging Strike
1-1: Ball
2-1: Swinging Strike
2-2: Ball
3-2: Base on Balls
Batting: RHB Enrique Echevarría 0-0: Ball
1-0: Swinging Strike
1-1: DOUBLE (Line Drive, 7LM)
José Salazar to third
Runner from 3rd tries for Home, throw and OUT!
Bottom of the 5th over - 0 run(s), 1 hit(s), 0 error(s), 1 left on base; Marquette 2 - Mercer Island 2
TOP OF THE 6TH
Marquette Miners batting - Pitching for Mercer Island Screaming Eagles : RHP Marcos López
Batting: LHB José Ortega 0-0: Swinging Strike
0-1: Called Strike
0-2: Ball
1-2: Fly out, F4 (Popup, 34D)
Batting: RHB Pedro Pérez 0-0: Called Strike
0-1: Ground out 6-3 (Groundball, 6)
Batting: RHB Gerald Clark 0-0: Ball
1-0: Ball
2-0: Called Strike
2-1: Swinging Strike
2-2: Fly out, F9 (Flyball, 89D)
Top of the 6th over - 0 run(s), 0 hit(s), 0 error(s), 0 left on base; Marquette 2 - Mercer Island 2
BOTTOM OF THE 6TH
Mercer Island Screaming Eagles batting - Pitching for Marquette Miners : RHP Víctor García
Batting: RHB Luis Antonio Hernández 0-0: Called Strike
0-1: Called Strike
0-2: Strikes out swinging
Batting: LHB Mike Russell 0-0: Ball
1-0: Ball
2-0: Fly out, F7 (Flyball, 7M)
Batting: RHB Randy Rehling 0-0: Swinging Strike
0-1: SINGLE (Flyball, 7S)
Batting: LHB Gregg Young 0-0: Ball
1-0: Foul Ball, location: 2F
1-1: SINGLE (Line Drive, 9LS)
Randy Rehling to second
Runner from 2nd tries for 3rd, SAFE, throw made to third
Batting: SHB León Estrada 0-0: Ball
1-0: Swinging Strike
1-1: Ball
2-1: Ball
3-1: Base on Balls
Gregg Young to second
Batting: RHB Luis Jiménez 0-0: Ball
1-0: Foul Ball, location: 2F
1-1: Ground out 5-3 (Groundball, 56)
Bottom of the 6th over - 0 run(s), 2 hit(s), 0 error(s), 3 left on base; Marquette 2 - Mercer Island 2
TOP OF THE 7TH
Marquette Miners batting - Pitching for Mercer Island Screaming Eagles : RHP Marcos López
Batting: RHB Francis Kelly 0-0: Called Strike
0-1: Foul Ball, location: 2F
0-2: Ball
1-2: Strikes out swinging
Pinch Hitting: RHB Jim Unknown 0-0: Ball
1-0: Ball
2-0: Fly out, F4 (Popup, 4)
Batting: RHB Adrian Hale 0-0: Ball
1-0: Called Strike
1-1: Ball
2-1: Fly out, F9 (Flyball, 9M)
Top of the 7th over - 0 run(s), 0 hit(s), 0 error(s), 0 left on base; Marquette 2 - Mercer Island 2
BOTTOM OF THE 7TH
Mercer Island Screaming Eagles batting - Pitching for Marquette Miners : RHP Víctor García
Now at SS: Jim Unknown
Batting: LHB Nelson Plasenia 0-0: Called Strike
0-1: Ball
1-1: Fly out, F7 (Flyball, 7LS)
Batting: SHB José Salazar 0-0: Ball
1-0: Ball
2-0: Swinging Strike
2-1: Ball
3-1: Swinging Strike
3-2: Fly out, F7 (Flyball, 78M)
Pinch Hitting: SHB Ray Davis 0-0: Ball
1-0: Called Strike
1-1: Foul Ball, location: 2F
1-2: SINGLE (Line Drive, 4D)
Pitching: RHP Ramiro Flores
Batting: RHB Luis Antonio Hernández 0-0: Swinging Strike
0-1: Ball
1-1: Ball
2-1: Ground out 6-3 (Groundball, 56)
Bottom of the 7th over - 0 run(s), 1 hit(s), 0 error(s), 1 left on base; Marquette 2 - Mercer Island 2
TOP OF THE 8TH
Marquette Miners batting - Pitching for Mercer Island Screaming Eagles : RHP Marcos López
Pitching: LHP Tim Harris
Now in CF: Mike Kelly
Batting: RHB Isaac Downey 0-0: Ball
1-0: Ball
2-0: Ball
3-0: Called Strike
3-1: SINGLE (Line Drive, 56D)
Batting: RHB Wayne Cameron 0-0: Called Strike
0-1: Sac Bunt - play at first, batter OUT! 1-3
Isaac Downey to second
Batting: RHB Howard Kelly 0-0: Intentional Walk
Pinch Hitting: RHB Ryan Maddox 0-0: Ball
Isaac Downey steals 3rd base
Howard Kelly to second
1-0: Called Strike
1-1: Ground out 5-3 (Groundball, 15S)
Batting: RHB Pedro Pérez 0-0: Called Strike
0-1: Ball
1-1: SINGLE (Line Drive, 7LS)
Isaac Downey scores
Howard Kelly to third
Batting: RHB Gerald Clark 0-0: Called Strike
0-1: Ball
1-1: Ball
2-1: SINGLE (Line Drive, 7S)
Howard Kelly scores
Pedro Pérez to second
Batting: RHB Francis Kelly 0-0: Ball
1-0: SINGLE (Groundball, 6MD) (infield hit)
Pedro Pérez to third
Gerald Clark to second
Batting: RHB Jim Unknown 0-0: Swinging Strike
0-1: Ball
1-1: Foul Ball, location: 2F
1-2: Strikes out looking
Top of the 8th over - 2 run(s), 4 hit(s), 0 error(s), 3 left on base; Marquette 4 - Mercer Island 2
BOTTOM OF THE 8TH
Mercer Island Screaming Eagles batting - Pitching for Marquette Miners : RHP Ramiro Flores
Now at 1B: Jim Unknown
Batting: LHB Mike Russell 0-0: SINGLE (Line Drive, 78S)
Batting: RHB Randy Rehling 0-0: Ball
1-0: Grounds into double play, 6-4-3 (Groundball, 6M)
Batting: LHB Gregg Young 0-0: Ball
1-0: Called Strike
1-1: Ball
2-1: Ball
3-1: Foul Ball, location: 2F
3-2: Strikes out looking
Bottom of the 8th over - 0 run(s), 1 hit(s), 0 error(s), 0 left on base; Marquette 4 - Mercer Island 2
TOP OF THE 9TH
Marquette Miners batting - Pitching for Mercer Island Screaming Eagles : LHP Tim Harris
Batting: RHB Adrian Hale 0-0: Ball
1-0: Foul Ball, location: 2F
1-1: Ball
2-1: Ball
3-1: SINGLE (Line Drive, 9S)
Batting: RHB Isaac Downey 0-0: Ball
1-0: Bunted foul
1-1: Ball
2-1: Ball
3-1: Sac Bunt - play at first, batter OUT! 5-4
Adrian Hale to second
Batting: RHB Wayne Cameron 0-0: Ball
1-0: Called Strike
Adrian Hale is caught stealing 3rd base
1-1: DOUBLE (Line Drive, 7M)
Batting: RHB Howard Kelly 0-0: Ground out 5-3 (Groundball, 5)
Top of the 9th over - 0 run(s), 2 hit(s), 0 error(s), 1 left on base; Marquette 4 - Mercer Island 2
BOTTOM OF THE 9TH
Mercer Island Screaming Eagles batting - Pitching for Marquette Miners : RHP Ramiro Flores
Pitching: RHP Ed Stark
Batting: SHB León Estrada 0-0: Foul Ball, location: 2F
0-1: Swinging Strike
0-2: Ball
1-2: Ground out 3-1 (Groundball, 34)
Batting: RHB Luis Jiménez 0-0: Called Strike
0-1: Ball
1-1: Swinging Strike
1-2: Strikes out swinging
Batting: LHB Nelson Plasenia 0-0: Ball
1-0: Ball
2-0: Fly out, F9 (Line Drive, 9M)
Bottom of the 9th over - 0 run(s), 0 hit(s), 0 error(s), 0 left on base; Marquette 4 - Mercer Island 2
This league is powered by Out of the Park Baseball, the baseball management simulation game for PC, Mac and Linux
Friday, January 22nd, 2016 - OOTP Baseball 16.9 Build 39